 Dungeon Crawl Stone Soup version 0.31.0-11-ge490571c62 (webtiles) character file.

Game seed: 2334759826442993386

1999 qw the Skirmisher (level 9, -1/50 HPs)
             Began as a Deep Elf Hunter on Feb 4, 2024.
             Was a Believer of Okawaru.
             Slain by a white imp (3 damage)
             ... on level 6 of the Dungeon.
             The game lasted 00:01:58 (4902 turns).

qw the Skirmisher (Deep Elf Hunter)                 Turns: 4902, Time: 00:01:59

Health: -1/50      AC:  9    Str: 12    XL:     9   Next: 2%
Magic:  14/14      EV: 10    Int: 15    God:    Okawaru [**....]
Gold:   158        SH:  0    Dex: 18    Spells: 8/8 levels left

rFire   + . .        e - +0 orcbow
rCold   + . .        (shield currently unavailable)
rNeg    . . .        q - +2 scale mail {rPois}
rPois   +            m - +0 helmet
rElec   .            (no cloak)
rCorr   .            (no gloves)
SInv    .            (no boots)
Will    .....        (no amulet)
Stlth   +            d - ring of protection from cold
HPRegen 0.28/turn    p - ring of protection from fire
MPRegen 0.14/turn

%: no passive effects
@: about to teleport
A: no striking features
a: Renounce Religion, Heroism


You were on level 6 of the Dungeon.
You worshipped Okawaru.
Okawaru was pleased with you.
You visited 2 branches of the dungeon, and saw 7 of its levels.

You collected 197 gold pieces.
You spent 39 gold pieces at shops.


   Skills:
 - Level 3.1 Fighting
 + Level 13.7 Ranged Weapons
 - Level 1.2 Armour
 - Level 4.5 Dodging
 - Level 1.2 Stealth
 - Level 4.1 Invocations


You had 8 spell levels left.
You didn't know any spells.
Your spell library was empty.

Inventory:

Hand Weapons
 e - a +0 orcbow (weapon)
Armour
 k - a +4 ring mail
 m - a +0 helmet (worn)
 q - a +2 scale mail of poison resistance (worn)
Jewellery
 d - a ring of protection from cold (left hand)
 p - a ring of protection from fire (right hand)
 Y - a +2 ring of strength
Potions
 b - a potion of mutation
 c - 2 potions of heal wounds
 h - a potion of might
 i - 3 potions of curing
 n - 2 potions of haste

Dungeon Overview and Level Annotations

Branches:
Dungeon (6/15)             Temple (1/1) D:4

Altars:
Cheibriados
Dithmenos
Fedhas
Gozag
Kikubaaqudgha
Nemelex Xobeh
Okawaru
Qazlal
Sif Muna
Trog
Uskayaw
Vehumet
Yredelemnul
Zin
The Shining One

Shops:
D:4 =

Annotations:
D:4 Duvessa
D:5 3 runed translucent doors, qw's ghost, amateur SpHu


Message History

Your experience leads to an increase in your attributes!
Increase (S)trength, (I)ntelligence, or (D)exterity?
You feel stronger. x2
You shoot an arrow.
The arrow hits the yak but does no damage.
A white imp comes into view.
The yak gores you but does no damage.
You shoot an arrow. The arrow barely misses the yak.
The arrow hits the iguana!
The iguana is almost dead.
The white imp gestures at you. The puff of frost hits you. You resist.
The yak closely misses you.
You shoot an arrow. The arrow closely misses the yak.
The arrow hits the iguana.
The iguana is almost dead.
Something shouts, "Turn tail, thou droning ill-nurtured malt-worm!"
The white imp gestures at you. The puff of frost misses you.
The yak gores you but does no damage.
You hear an angry growl.
You shoot an arrow. The arrow hits the yak!
The yak is lightly wounded.
You hear an angry hiss.
The white imp gestures at you. The puff of frost hits you. You resist.
The yak gores you!
You shoot an arrow. The arrow barely misses the yak.
The arrow hits the iguana but does no damage.
The iguana is almost dead.
The yak gores you but does no damage.
You shoot an arrow. The arrow barely misses the yak.
The arrow hits the iguana!
You kill the iguana!
Okawaru accepts your kill. The yak gores you but does no damage.
A black bear comes into view.
The white imp hits you but does no damage.
The yak gores you! The white imp closely misses you.
The black bear growls angrily.
4902 ||| READING scroll of teleportation.
As you read the scroll of teleportation, it crumbles to dust.
You feel strangely unstable.
You hear an angry hiss.
The yak gores you. The white imp hits you.
You die...

. #.###....###.####
#.###.............<..
)........#.######..
....#.....#### #..
##.###............
#.#.##########..
##### #...# ##.
......###...# #.
#..5@Y5..# ..
#.h###.#....# #.
#...##.# # #.#.# ).
>.#.# # .Y... ...# ..
#?#. #. Y# . ..


You could see a yak, a black bear, a white imp and a shadow imp.

Vanquished Creatures
  Grinder (D:4)
  A yak (D:6)
  A steam dragon (D:5)
  3 ogres
  An ice beast (D:5)
  4 necrophages (D:5)
  3 scorpions
  Dowan (D:4)
  5 wights (D:5)
  A centaur zombie (D:5)
  A human zombie (D:5)
  2 hounds
  4 iguanas
  A scorpion zombie (D:5)
  3 mummies (D:5)
  6 gnolls (D:4)
  2 adders
  A shadow imp (D:5)
  4 ufetubi (D:5)
  3 ribbon worms
  2 dart slugs
  9 orcs
  6 ball pythons
  5 endoplasms
  4 giant cockroaches
  2 goblins (D:3)
  6 hobgoblins
  3 jackals
  5 quokkas
  A bat (D:1)
  3 frilled lizards
  11 kobolds
  6 rats
111 creatures vanquished.

Notes
Turn   | Place    | Note
-------+----------+-------------------------------------------
     0 | D:1      | qw the Deep Elf Hunter began the quest for the Orb.
     0 | D:1      | Reached XP level 1. HP: 12/12 MP: 3/3
     0 | D:1      | 0 ||| qw: Version: 0.3-a-160-g6735b56
     0 | D:1      | 0 ||| qw: Game counter: 6099
     0 | D:1      | 0 ||| qw: Melee chars always use a shield: true
     0 | D:1      | 0 ||| qw: God list: Okawaru
     0 | D:1      | 0 ||| qw: Allow faded altars: false
     0 | D:1      | 0 ||| qw: Do Orc after clearing Dungeon:15 true
     0 | D:1      | 0 ||| qw: Do second Lair branch before Depths: true
     0 | D:1      | 0 ||| qw: Lair rune preference: random
     0 | D:1      | 0 ||| qw: Goals: Normal
     0 | D:1      | 0 ||| PLANNING D:1-11
   109 | D:1      | Reached XP level 2. HP: 16/16 MP: 4/4
   148 | D:1      | Reached skill level 6 in Ranged Weapons
   940 | D:1      | 940 ||| UPGRADING to +0 ring mail.
   950 | D:1      | 950 ||| DROPPING +0 leather armour.
   951 | D:1      | 951 ||| UPGRADING to ring of protection from cold.
   952 | D:1      | 952 ||| READING scroll labelled QEYXUM KOMOPT.
   953 | D:1      | 953 ||| READING scroll labelled XEOGOU GACSYOF UWU.
   954 | D:1      | 954 ||| READING scroll labelled MAPUCR WEASU.
   957 | D:1      | 957 ||| READING 3 scrolls labelled FOPNEPH MUJIA.
   957 | D:1      | 957 ||| ENCHANTING +0 ring mail.
   958 | D:1      | 958 ||| READING 2 scrolls of enchant armour.
   958 | D:1      | 958 ||| ENCHANTING +1 ring mail.
   959 | D:1      | 959 ||| READING scroll of enchant armour.
   959 | D:1      | 959 ||| ENCHANTING +2 ring mail.
   960 | D:1      | 960 ||| DROPPING scroll of butterflies.
  1063 | D:2      | Reached XP level 3. HP: 19/20 MP: 5/5
  1237 | D:2      | Reached skill level 7 in Ranged Weapons
  1453 | D:2      | Found a stormy altar of Qazlal.
  1591 | D:2      | 1591 ||| DROPPING scarf of harm.
  1592 | D:2      | 1592 ||| READING scroll labelled DOOWKESTREAT.
  1593 | D:2      | 1593 ||| READING 2 scrolls labelled GIEHATE IGIRHU.
  1593 | D:2      | 1593 ||| IDENTIFYING fizzy emerald potion
  1594 | D:2      | 1594 ||| READING scroll of identify.
  1594 | D:2      | 1594 ||| IDENTIFYING orange potion
  1660 | D:3      | Found a snail-covered altar of Cheibriados.
  1934 | D:3      | Reached XP level 4. HP: 25/25 MP: 6/6
  2238 | D:3      | Found a sparkling altar of Nemelex Xobeh.
  2471 | D:3      | 2471 ||| READING 7 scrolls of identify.
  2471 | D:3      | 2471 ||| IDENTIFYING ruby potion
  2472 | D:3      | 2472 ||| READING 6 scrolls of identify.
  2472 | D:3      | 2472 ||| IDENTIFYING metallic blue potion
  2534 | D:4      | Reached skill level 8 in Ranged Weapons
  2559 | D:4      | Reached XP level 5. HP: 29/29 MP: 7/7
  2654 | D:4      | Found Ineutz's One-of-a-Kind Rings.
  2662 | D:4      | 2662 ||| BUYING +2 ring of strength (39 gold).
  2662 | D:4      | Bought a +2 ring of strength for 39 gold pieces
  2662 | D:4      | 2662 ||| SHOPLISTING +3 ring of evasion (130 gold, have
                  | 68).
  2662 | D:4      | 2662 ||| SHOPLISTING +6 ring of slaying (1869 gold, have
                  | 68).
  2662 | D:4      | 2662 ||| SHOPLISTING +7 ring of evasion (858 gold, have
                  | 68).
  2662 | D:4      | 2662 ||| SHOPLISTING ring "Wietoug" {Fly rF+ Str+3 Int+6
                  | Dex+3} (841 gold, have 68).
  2662 | D:4      | 2662 ||| SHOPLISTING ring of Gemezax {Fly rElec Str+6 Int+4
                  | Stlth+} (822 gold, have 68).
  2664 | D:4      | 2664 ||| READING scroll of enchant armour.
  2664 | D:4      | 2664 ||| ENCHANTING +3 ring mail.
  2699 | D:4      | Noticed an ogre
  2700 | D:4      | 2700 ||| DRINKING potion of haste.
  2715 | D:4      | Killed an ogre
  2716 | D:4      | Reached skill level 9 in Ranged Weapons
  2820 | D:4      | Noticed Grinder
  2820 | D:4      | Noticed an ogre
  2821 | D:4      | 2821 ||| ZAPPING wand of acid (7) at -1,-3 (ogre; floor).
  2822 | D:4      | 2822 ||| ZAPPING wand of acid (6) at -1,-2 (ogre; floor).
  2823 | D:4      | 2823 ||| ZAPPING wand of acid (5) at -1,-1 (ogre; floor).
  2824 | D:4      | 2824 ||| ZAPPING wand of acid (4) at -1,-1 (ogre; floor).
  2825 | D:4      | 2825 ||| ZAPPING wand of acid (3) at -1,-1 (ogre; floor).
  2826 | D:4      | 2826 ||| ZAPPING wand of acid (2) at -1,-1 (ogre; floor).
  2826 | D:4      | Killed an ogre
  2827 | D:4      | Reached XP level 6. HP: 26/36 MP: 8/8
  2827 | D:4      | 2827 ||| ZAPPING wand of acid (1) at -2,-1 (Grinder;
                  | floor).
  2832 | D:4      | 2832 ||| FLEEEEING.
  2833 | D:4      | 2833 ||| FLEEEEING.
  2834 | D:4      | 2834 ||| FLEEEEING.
  2839 | D:4      | 2839 ||| FLEEEEING.
  2840 | D:4      | 2840 ||| FLEEEEING.
  2841 | D:4      | 2841 ||| FLEEEEING.
  2846 | D:4      | 2846 ||| FLEEEEING.
  2847 | D:4      | 2847 ||| FLEEEEING.
  2848 | D:4      | 2848 ||| FLEEEEING.
  2849 | D:4      | 2849 ||| FLEEEEING.
  2849 | D:4      | Paralysed by Grinder for 3 turns
  2853 | D:4      | Killed Grinder
  2854 | D:4      | Reached skill level 10 in Ranged Weapons
  2854 | D:4      | Reached XP level 7. HP: 37/40 MP: 9/9
  2893 | D:4      | Reached skill level 3 in Dodging
  2899 | D:4      | Noticed Duvessa
  2902 | D:4      | Noticed Dowan
  2904 | D:4      | 2904 ||| RETREEEEATING.
  2906 | D:4      | 2906 ||| RETREEEEATING.
  2922 | D:4      | HP: 8/40 [Duvessa/+0 rapier (3)]
  2923 | D:4      | 2923 ||| READING 2 scrolls of teleportation.
  2926 | D:4      | HP: 1/40 [Duvessa/+0 rapier (7)]
  3163 | D:4      | 3163 ||| FLEEEEING.
  3164 | D:4      | 3164 ||| FLEEEEING.
  3165 | D:4      | 3165 ||| FLEEEEING.
  3166 | D:4      | 3166 ||| STAIRDANCE
  3178 | D:3      | 3178 ||| UPGRADING to +2 ring of strength.
  3179 | D:3      | 3179 ||| READING 5 scrolls of identify.
  3179 | D:3      | 3179 ||| IDENTIFYING sapphire potion
  3180 | D:3      | 3180 ||| READING 4 scrolls of identify.
  3180 | D:3      | 3180 ||| IDENTIFYING golden potion
  3181 | D:3      | 3181 ||| DROPPING potion of attraction.
  3182 | D:3      | 3182 ||| DROPPING potion of lignification.
  3194 | D:4      | 3194 ||| STAIRDANCE
  3230 | D:4      | 3230 ||| STAIRDANCE
  3272 | D:4      | Killed Dowan
  3273 | D:4      | Reached skill level 11 in Ranged Weapons
  3289 | D:4      | Found a staircase to the Ecumenical Temple.
  3290 | D:4      | 3290 ||| PLANNING TEMPLE
  3297 | Temple   | Entered the Ecumenical Temple
  3298 | Temple   | 3298 ||| PLANNING OKAWARU WORSHIP
  3325 | Temple   | Became a worshipper of Warmaster Okawaru
  3326 | Temple   | 3326 ||| PLANNING D:1-11
  3420 | D:4      | 3420 ||| SWAPPING to +0 orcbow.
  3421 | D:4      | 3421 ||| DROPPING +0 shortbow.
  3561 | D:4      | 3561 ||| READING 4 scrolls of identify.
  3561 | D:4      | 3561 ||| IDENTIFYING 2 fuming clear potions
  3564 | D:5      | Entered Level 5 of the Dungeon
  3712 | D:5      | Noticed qw's ghost (amateur SpHu)
  3732 | D:5      | Reached skill level 12 in Ranged Weapons
  3772 | D:5      | Noticed a steam dragon
  3774 | D:5      | 3774 ||| Stepping ~*~*~tactically~*~*~ (cloud).
  3786 | D:5      | Killed a steam dragon
  3787 | D:5      | Reached XP level 8. HP: 21/45 MP: 10/10
  3855 | D:5      | 3855 ||| FLEEEEING.
  3856 | D:5      | 3856 ||| FLEEEEING.
  3857 | D:5      | 3857 ||| FLEEEEING.
  4043 | D:5      | Reached skill level 1 in Armour
  4062 | D:5      | Reached * piety under Okawaru
  4063 | D:5      | Reached skill level 3 in Fighting
  4121 | D:5      | Reached skill level 1 in Invocations
  4157 | D:5      | Found a basalt altar of Yredelemnul.
  4284 | D:5      | Reached skill level 3 in Invocations
  4320 | D:5      | Found a runed translucent gate.
  4321 | D:5      | Found a runed translucent gate.
  4322 | D:5      | Found a runed translucent gate.
  4383 | D:5      | Reached skill level 13 in Ranged Weapons
  4517 | D:5      | Found an ancient bone altar of Kikubaaqudgha.
  4763 | D:5      | 4763 ||| UPGRADING to +0 helmet.
  4768 | D:5      | 4768 ||| UPGRADING to +2 scale mail of poison resistance.
  4778 | D:5      | 4778 ||| UPGRADING to ring of protection from fire.
  4780 | D:5      | 4780 ||| READING 3 scrolls of identify.
  4780 | D:5      | 4780 ||| IDENTIFYING metallic red potion
  4781 | D:5      | 4781 ||| READING 2 scrolls of identify.
  4781 | D:5      | 4781 ||| IDENTIFYING scroll labelled COUS VYPAISER
  4782 | D:5      | 4782 ||| READING scroll of identify.
  4782 | D:5      | 4782 ||| IDENTIFYING scroll labelled VUGAOG KABROUP
  4783 | D:5      | 4783 ||| READING scroll labelled XAURYGISCHO.
  4784 | D:5      | 4784 ||| DROPPING scroll of amnesia.
  4785 | D:5      | 4785 ||| DROPPING scroll of fear.
  4786 | D:5      | 4786 ||| DROPPING potion of brilliance.
  4818 | D:6      | Found an opulent altar of Gozag.
  4882 | D:6      | 4882 ||| RETREEEEATING.
  4884 | D:6      | 4884 ||| RETREEEEATING.
  4895 | D:6      | Reached ** piety under Okawaru
  4896 | D:6      | Reached XP level 9. HP: 33/50 MP: 14/14
  4901 | D:6      | HP: 3/50 [yak (14)]
  4902 | D:6      | 4902 ||| READING scroll of teleportation.
  4902 | D:6      | Slain by a white imp

Levels and vault maps discovered:
D:1:      dpeg_arrival_long_road, layout_loops_corners, minmay_tromino_v4_c
D:2:      layout_basic, basic_altar
D:3:      layout_basic, nemelex_altar_shiori, mainiacjoe_overflow_paths,
          st_stairs_14
D:4:      layout_loops_ring, minmay_temple_entry_wispy,
          nicolae_shop_unique_rings, uniq_duvessa, uniq_grinder
D:5:      layout_cave_pools, lemuel_mausoleum_altar_yredelemnul,
          kiku_gazebo_garden_becter, gammafunk_ghost_icy
D:6:      cheibrodos_fzero, layout_loops_ring, grunt_gozag_breadcrumbs,
          ebering_ghost_sewer_d, supply_closet_lemuel
Temple:   kb_temple_of_zot

Skill      XL: |  1  2  3  4  5  6  7  8 |
---------------+-------------------------+-----
Ranged Weapons | 6 7 8 9 10 12 13 | 13.7
Fighting       | 2 3 |  3.1
Dodging        | 4 |  4.5
Armour         | 1 |  1.2
Invocations    | 4 |  4.1
Stealth        | |  1.2

Action                     |  1- 3 |  4- 6 |  7- 9 || total
---------------------------+-------+-------+-------++-------
   Fire: Shortbow          |   138 |    74 |    71 ||   283
         Orcbow            |       |       |   188 ||   188
  Evoke: Wand              |       |     7 |       ||     7
    Use: Scroll            |     9 |     3 |     9 ||    21
         Potion            |       |     1 |       ||     1
 Armour: Leather armour    |     6 |       |       ||     6
         Ring mail         |    14 |    12 |    81 ||   107
         Scale mail        |       |       |    20 ||    20
  Dodge: Dodged            |    22 |    13 |    87 ||   122

Table legend:
 A = Non-vault XP
 B = Vault XP
 C = Vault XP percentage of total XP
 D = Non-vault monster count
 E = Vault monster count
 F = Vault count percentage of total count
                 A         B        C        D         E       F
            +---------+---------+-------+---------+---------+-------
      Total |    1531 |    1326 |  46.4 |      91 |      20 |  18.0
            +---------+---------+-------+---------+---------+-------
        D:1 |      32 |       3 |   8.6 |      19 |       2 |   9.5
        D:2 |      31 |       0 |   0.0 |      15 |       0 |   0.0
        D:3 |      45 |       2 |   4.3 |      17 |       1 |   5.6
        D:4 |     551 |     342 |  38.3 |      20 |       2 |   9.1
        D:5 |     872 |     667 |  43.3 |      20 |      12 |  37.5
        D:6 |       0 |     312 | 100.0 |       0 |       3 | 100.0
            +---------+---------+-------+---------+---------+-------
